 Dungeon Crawl Stone Soup version 0.29.1-15-g9cfb28693d (webtiles) character file.

Game seed: 13681836384382248008

143 leafyfresh the Sneak (level 5, -2/37 HPs)
             Began as an Octopode Delver on Mar 10, 2023.
             Slain by a goblin
             ... wielding a +0 dagger of electrocution
              (3 damage)
             ... on level 4 of the Dungeon.
             The game lasted 00:01:00 (1756 turns).

leafyfresh the Sneak (Octopode Delver)              Turns: 1756, Time: 00:01:01

Health: -2/37      AC:  1    Str: 11    XL:     5   Next: 25%
Magic:  5/5        EV: 14    Int: 14    God:
Gold:   26         SH:  0    Dex: 14    Spells: 4/4 levels left

rFire   . . .      SeeInvis .   d - +2 whip (pain)
rCold   . . .      Faith    .   (no shield)
rNeg    . . .      Spirit   .   (helmet restricted)
rPois   .          Reflect  .   (no amulet)
rElec   .          Harm     .   (no ring)
rCorr   .          Rampage  .   (no ring)
Will    .....                   (no ring)
Stlth   +++++.....              (no ring)
HPRegen 0.12/turn               (no ring)
MPRegen 0.09/turn               (no ring)
                                (no ring)
                                (no ring)

@: no status effects
A: almost no armour, amphibious, 8 rings, camouflage 1, gelatinous body 1,
(nimble swimmer 1), tentacles
a: no special abilities


You were on level 4 of the Dungeon.
You visited 1 branch of the dungeon, and saw 2 of its levels.

You collected 26 gold pieces.

Inventory:

Hand Weapons
 a - a +0 short sword
 d - a +2 whip of pain (weapon)
Wands
 f - a wand of digging (3)
 i - a wand of iceblast (9)
Scrolls
 b - a scroll of fog
 c - a scroll of magic mapping
 h - a scroll of enchant armour {unknown}
 j - 2 scrolls of identify {unknown}
 k - a scroll of teleportation {unknown}
Potions
 e - a potion of haste
 g - a potion of heal wounds {unknown}
 l - 2 potions of curing {unknown}


   Skills:
 + Level 4.1 Fighting
 - Level 2.0 Short Blades
 + Level 3.4 Dodging
 + Level 7.8 Stealth


You had 4 spell levels left.
You didn't know any spells.
Your spell library was empty.

Dungeon Overview and Level Annotations

Branches:
Dungeon (5/15)
 Temple: D:4-7

Altars:
Fedhas


Innate Abilities, Weirdness & Mutations

You cannot wear most types of armour.
You are amphibious.
You can wear up to eight rings at the same time.
Your skin changes colour to match your surroundings (Stealth+).
Your rubbery body absorbs attacks. (AC +1, EV +1)
((You are camouflaged when in or above water. (Stealth+)))
You have tentacles for arms and can constrict up to eight enemies at once.


Message History

There is an open door here.
There is an open door here.
You open the door.
There is an open door here.
Key pressed, stopping explore.
No target in view!
An ogre comes into view. It is wielding a +0 giant club.
The ogre shouts!
A goblin comes into view.
It is wielding a +0 dagger of electrocution.
There are monsters nearby!
The ogre hits you with a +0 giant club!
The goblin shouts!
There are monsters nearby!
You hit the ogre.
The ogre is lightly wounded.
You have a feeling of ineptitude.
d - a +2 whip of pain (weapon)
The ogre barely misses you.
Unknown command.
You whack the ogre!
The ogre is moderately wounded.
You hit the ogre. Your squeeze misses the ogre.
The ogre is heavily wounded.
The ogre hits you with a +0 giant club!!
Ouch! That really hurt!
* * * LOW HITPOINT WARNING * * *
The goblin barely misses you.
You hit the ogre.
The ogre is heavily wounded.
The goblin hits you with a +0 dagger of electrocution.
* * * LOW HITPOINT WARNING * * *
The ogre barely misses you.
You hit the ogre. You squeeze the ogre, but do no damage.
The ogre is heavily wounded.
The goblin closely misses you.
You hit the ogre. You squeeze the ogre, but do no damage.
The ogre is severely wounded.
The ogre closely misses you. The goblin barely misses you.
The goblin hits you with a +0 dagger of electrocution.
You die...

## #########.## ## #..
...#...## .. #.####......##..
##.## #.##....g....... ....
#.##.#..@O...... #.#.
#.##.#.#........######.#.
#####......##.##.............
#........### ## .#######....
#.#####..# #.... #.#####..#
#.... #.##.....# ##+## #...)
#........### ##...## #....
#.##.##....# ##.....## #....


You could see an ogre and a goblin.

Vanquished Creatures
  A phantom (D:5)
  An orc priest (D:5)
  3 adders (D:4)
  2 orcs
  3 endoplasms (D:4)
  A giant cockroach (D:4)
  2 goblins (D:4)
  2 ball pythons (D:4)
  2 kobolds (D:4)
17 creatures vanquished.

Notes
Turn   | Place    | Note
-------+----------+-------------------------------------------
     0 | D:5      | leafyfresh the Octopode Delver began the quest for the Orb.
     0 | D:5      | Reached XP level 1. HP: 16/16 MP: 1/1
    40 | D:5      | Found a blossoming altar of Fedhas.
    47 | D:5      | Noticed a phantom
    60 | D:5      | Killed a phantom
    61 | D:5      | Reached skill level 7 in Stealth
    61 | D:5      | Reached XP level 2. HP: 5/22 MP: 2/2
    61 | D:5      | Reached XP level 3. HP: 6/27 MP: 3/3
    61 | D:5      | Reached XP level 4. HP: 8/33 MP: 4/4
   592 | D:5      | HP: 1/33 [orc priest/+0 club (4)]
  1078 | D:4      | Reached XP level 5. HP: 37/37 MP: 5/5
  1747 | D:4      | Noticed an ogre
  1754 | D:4      | HP: 1/37 [goblin/+0 dagger of electrocution (2)]
  1756 | D:4      | Slain by a goblin

Illustrated notes

Levels and vault maps discovered:
D:4:      layout_loops_corners, nicolae_titane
D:5:      layout_rooms, kennysheep_mini, mainiacjoe_overflow_alcove_2,
          kennysheep_generic_room_15

Skill      XL: |  1  2  3  4 |
---------------+-------------+-----
Stealth        | 7 |  7.8
Dodging        | 3 |  3.4
Fighting       | 4 |  4.1
Short Blades   | |  2.0

Action                   |  1- 3 |  4- 6 || total
-------------------------+-------+-------++-------
Melee: Short sword       |    11 |    20 ||    31
       Tentacles         |     2 |     8 ||    10
       Constrict         |       |     4 ||     4
       Whip              |       |     5 ||     5
  Use: Scroll            |       |     1 ||     1
 Stab: Sleeping          |       |    11 ||    11
       Distracted        |       |     1 ||     1
Dodge: Dodged            |     7 |    11 ||    18
